 Dungeon Crawl Stone Soup version 0.31-a0-949-g57150269e1 (webtiles) character file.

Game seed: 1283435310508625185

35567 p00ps00p the Severer (level 13, 0/125 HPs)
             Began as a Hill Orc Fighter on Oct 21, 2023.
             Was an Initiate of Gozag.
             Slain by a sun demon (4 damage)
             ... in a volcano.
             The game lasted 00:34:46 (18685 turns).

p00ps00p the Severer (Hill Orc Fighter)            Turns: 18685, Time: 00:34:47

Health: 0/125      AC: 23    Str: 24    XL:     13   Next: 84%
Magic:  13/13      EV:  7    Int:  8    God:    Gozag
Gold:   303        SH:  0    Dex: 10    Spells: 12/12 levels left

rFire   + + .        a - +1 war axe (venom)
rCold   + + .        p - +0 kite shield {reflect}
rNeg    + . .        F - +4 plate armour {rPois}
rPois   +            y - -2 hat of the Alchemist {rElec rPois rF+ rC+ rN+ Will+ rMut rCorr}
rElec   +            (no cloak)
rCorr   +            t - +0 pair of gloves
SInv    .            z - +2 pair of boots {rampage}
Will    +....        l - amulet of regeneration Stlth
                     h - ring of protection from fire
HPRegen 1.20/turn    m - ring of protection from cold
MPRegen 0.13/turn

%: reflection, resist mutation, rampage
@: confused, ambrosia-drunk, gold aura
A: no striking features
a: Renounce Religion, Potion Petition, Call Merchant, Bribe Branch


You were in a volcano.
You worshipped Gozag.
Gozag was aware of your devotion.
You visited 4 branches of the dungeon, and saw 19 of its levels.
You also visited: Volcano.

You collected 3711 gold pieces.
You spent 1924 gold pieces at shops.
You paid 1484 gold pieces to Gozag.

Inventory:

Hand Weapons
 a - a +1 war axe of venom (weapon)
 k - a +2 whip of flaming
 n - a +1 war axe of electrocution
 q - a +3 hand axe of electrocution
 A - a +4 hand axe of freezing
Missiles
 d - 7 poisoned darts (quivered)
Armour
 p - a +0 kite shield of reflection (worn)
 t - a +0 pair of gloves (worn)
 y - the -2 hat of the Alchemist (worn) {rElec rPois rF+ rC+ rN+ Will+ rMut rCorr}
   (You found it on level 9 of the Dungeon)

   rF+:       It protects you from fire.
   rC+:       It protects you from cold.
   rElec:     It insulates you from electricity.
   rPois:     It protects you from poison rN+: It protects you from negative
   energy.
   Will+:     It increases your willpower.
   rCorr:     It protects you from acid and corrosion.
   rMut:      It protects you from mutation.
 z - a +2 pair of boots of rampaging (worn)
 F - a +4 plate armour of poison resistance (worn)
Jewellery
 h - a ring of protection from fire (left hand)
 l - an amulet of regeneration (around neck)
 m - a ring of protection from cold (right hand)
Wands
 b - a wand of paralysis (18)
 s - a wand of roots (5)
 u - a wand of digging (4)
Scrolls
 g - 3 scrolls of amnesia
 C - 2 scrolls of immolation
 D - 3 scrolls of identify
 E - 2 scrolls of fog
Potions
 c - a potion of resistance
 e - 4 potions of mutation
 i - 2 potions of attraction
 j - a potion of brilliance
 v - a potion of cancellation
 w - 2 potions of might
 B - 4 potions of ambrosia


   Skills:
 + Level 14.4 Fighting
 + Level 15.4 Axes
 + Level 13.2 Armour
 + Level 13.3 Shields


You had 12 spell levels left.
You didn't know any spells.
Your spell library contained the following spells:

 Spells                   Type           Power      Damage    Failure   Level
 Poisonous Vapours        Pois/Air       0%         N/A       100%        2
 Wereblood                Tmut           0%         N/A       100%        2
 Stone Arrow              Conj/Erth      0%         3d7       100%        3
 Animate Armour           Summ/Erth      0%         N/A       100%        4
 Olgreb's Toxic Radiance  Pois           0%         N/A       100%        4
 Petrify                  Tmut/Erth      0%         N/A       100%        4
 Borgnjor's Vile Clutch   Necr/Erth      0%         N/A       100%        5
 Irradiate                Conj/Tmut      0%         3d11      100%        5
 Discord                  Hex            0%         N/A       100%        8
 Ignition                 Fire           0%         3d3       100%        8
 Lehudib's Crystal Spear  Conj/Erth      0%         10d2      100%        8


Dungeon Overview and Level Annotations

Branches:
Dungeon (14/15)            Temple (1/1) D:4            Lair (2/5) D:11
 Shoals (0/4) Lair:2          Orc (2/2) D:10            Elf (0/3) Orc:2
 Vaults (0/5) D:14        Volcano (1/1)
  Snake: Lair:2-3    Spider: Lair:2-3

Altars:
Ashenzari
Cheibriados
Dithmenos
Elyvilon
Fedhas
Gozag
Hepliaklqana
Kikubaaqudgha
Makhleb
Nemelex Xobeh
Okawaru
Qazlal
Ru
Sif Muna
Trog
Uskayaw
Vehumet
Wu Jian
Xom
Yredelemnul
Zin
The Shining One

Shops:
D:1 *   D:3 !   D:4 [   D:10 (   D:11 =(:?**   Orc:2 (

Annotations:
D:5 2 transporters, Arex's ghost, novice HOAr


Message History

You block the sun demon's attack.
Unknown command.
You hit the smoke demon.
The smoke demon is lightly wounded.
You closely miss the sun demon.
The sun demon hits you but does no damage.
The smoke demon gestures at you. The sticky flame hits you. You resist.
You are covered in liquid flames!
You slash the smoke demon!
The smoke demon is heavily wounded.
You completely miss the sun demon.
You are covered in liquid flames!
The sun demon hits you!!
* * * LOW HITPOINT WARNING * * *
You are engulfed in flames.
You resist.
* * * LOW HITPOINT WARNING * * *
The smoke demon hits you but does no damage.
You block the smoke demon's attack. x2
You hit the smoke demon.
The smoke demon is poisoned.
The smoke demon is heavily wounded.
You closely miss the sun demon.
You are covered in liquid flames!
The sun demon hits you!!
* * * LOW HITPOINT WARNING * * *
You are engulfed in flames.
You resist.
* * * LOW HITPOINT WARNING * * *
You block the smoke demon's attack.
The smoke demon hits you but does no damage.
You block the smoke demon's attack.
You are confused.
You feel invigorated.
You are covered in liquid flames!
* * * LOW HITPOINT WARNING * * *
You are no longer on fire.
The sun demon hits you.
* * * LOW HITPOINT WARNING * * *
You are engulfed in flames.
You resist.
You die...
Your body crumbles into a pile of gold.

#.....# #.
#.....## #..
#.....###...
#..$.§≈....
#≈...§.....
#§......§§.
#≈§....#.§.
###§33...§# .
##...@$#####
#.....## #.§§§.#
#..§.§# #.....#
##....# ##....§#
#.....#§§.....
####....###......


You could see a sun demon (extremely poisoned) and a smoke demon (very
poisoned).

Vanquished Creatures
  Gastronok (D:11)
  Snorg (D:10)
  An ettin (Orc:1)
  2 centaur warriors (D:9)
  3 boulder beetles
  2 two-headed ogres (D:13)
  2 tengu warriors
  A fire crab (D:9)
  Pikel (D:4)
  A manticore (D:13)
  4 ugly things
  6 cyclopes
  4 slime creatures (D:13)
  A black mamba (Lair:1)
  2 smoke demons (Volcano)
  A gargoyle (D:12)
  A water nymph (Lair:2)
  5 cane toads
  2 unseen horrors
  An efreet (D:13)
  3 komodo dragons
  A tengu conjurer (D:9)
  A kobold demonologist (D:12)
  A queen bee (D:11)
  6 trolls
  A hornet (D:7)
  13 blink frogs (Lair:1)
  Grinder (D:3)
  20 yaks
  3 wyverns
  2 wraiths
  2 vampires
  A basilisk (Lair:2)
  A spriggan (shapeshifter) (D:9)
  4 shadows
  5 steam dragons
  2 acid dragons
  2 hell hounds (Volcano)
  6 water moccasins
  6 orc warriors
  3 ice beasts (D:7)
  2 sky beasts
  6 wolves (Lair:1)
  An ogre (D:6)
  3 centaurs
  A kobold brigand (D:9)
  9 bullfrogs
  A gnoll sergeant (D:11)
  A scorpion (Lair:1)
  3 wights (D:10)
  48 killer bees
  7 howler monkeys
  4 orc priests
  A gnoll bouda (D:7)
  4 hounds
  5 jellies
  4 sleepcaps
  Jessica (D:2)
  6 iguanas
  7 orc wizards
  12 gnolls
  9 adders
  A shadow imp (D:3)
  4 ufetubi
  A worm (D:5)
  2 dart slugs (D:4)
  33 orcs
  4 endoplasms
  4 giant cockroaches
  4 goblins
  6 hobgoblins
  4 quokkas
  5 ball pythons
  2 frilled lizards (D:1)
  6 kobolds
  4 rats
341 creatures vanquished.

Notes
Turn   | Place    | Note
-------+----------+-------------------------------------------
     0 | D:1      | p00ps00p the Hill Orc Fighter began the quest for the Orb.
     0 | D:1      | Reached XP level 1. HP: 19/19 MP: 1/1
   186 | D:1      | Found Qetuox's Assorted Antiques.
   197 | D:1      | Reached skill level 3 in Axes
   197 | D:1      | Reached XP level 2. HP: 27/27 MP: 2/2
   818 | D:2      | Reached XP level 3. HP: 30/33 MP: 3/3
   844 | D:2      | Noticed Jessica
   849 | D:2      | Killed Jessica
  1229 | D:2      | Reached XP level 4. HP: 31/40 MP: 4/4
  1366 | D:3      | Noticed a water moccasin
  1382 | D:3      | Killed a water moccasin
  1383 | D:3      | Reached skill level 4 in Axes
  1383 | D:3      | Reached XP level 5. HP: 23/47 MP: 5/5
  2236 | D:3      | Found a faded altar of an unknown god.
  2312 | D:3      | Noticed Grinder
  2315 | D:3      | Paralysed by Grinder for 5 turns
  2344 | D:3      | Paralysed by Grinder for 3 turns
  2358 | D:3      | Killed Grinder
  2359 | D:3      | Reached skill level 5 in Fighting
  2359 | D:3      | Reached skill level 5 in Axes
  2359 | D:3      | Reached XP level 6. HP: 25/56 MP: 6/6
  2533 | D:3      | Found Isazer's Distillery.
  2671 | D:3      | Found a hide-covered altar of Uskayaw.
  2673 | D:3      | Found a shimmering altar of Xom.
  2676 | D:3      | Found a burning altar of Makhleb.
  2726 | D:4      | Noticed Pikel
  2738 | D:4      | Killed Pikel
  2739 | D:4      | Reached skill level 6 in Axes
  2739 | D:4      | Reached skill level 5 in Armour
  2739 | D:4      | Reached skill level 5 in Shields
  2739 | D:4      | Reached XP level 7. HP: 26/64 MP: 7/7
  2739 | D:4      | Reached XP level 8. HP: 29/71 MP: 8/8
  2985 | D:4      | Found Ejutwobb's Armour Boutique.
  3260 | D:4      | Found a staircase to the Ecumenical Temple.
  3270 | Temple   | Entered the Ecumenical Temple
  3657 | D:5      | Entered Level 5 of the Dungeon
  4086 | D:5      | Found a shimmering blue altar of Sif Muna.
  4217 | D:5      | Noticed a hornet
  4224 | D:5      | Found a transporter.
  4224 | D:5      | Noticed Arex's ghost (novice HOAr)
  4227 | D:5      | Found a transporter.
  4421 | D:5      | Reached skill level 7 in Axes
  5090 | D:6      | Reached XP level 9. HP: 80/80 MP: 9/9
  5145 | D:6      | Reached skill level 8 in Axes
  5595 | D:7      | HP: 1/81 [orc warrior/+0 dire flail (9)]
  6055 | D:7      | Noticed a hornet
  6058 | D:7      | Paralysed by a hornet for 1 turns
  6066 | D:7      | Killed a hornet
  6324 | D:7      | Found an opulent altar of Gozag.
  6341 | D:7      | Became a worshipper of Gozag Ym Sagoz the Greedy
  6346 | D:7      | Found a radiant altar of Vehumet.
  6625 | D:7      | Reached skill level 9 in Axes
  7273 | D:7      | Reached XP level 10. HP: 84/91 MP: 10/10
  7342 | D:7      | Found a white marble altar of Elyvilon.
  7451 | D:7      | Found a snail-covered altar of Cheibriados.
  7453 | D:7      | Found a stormy altar of Qazlal.
  7748 | D:4      | Bought a +3 chain mail of poison resistance for 282 gold
                  | pieces
  8246 | D:8      | Reached skill level 10 in Axes
  8413 | D:8      | Found a transporter.
  8413 | D:8      | Noticed a boulder beetle
  8414 | D:8      | Found a transporter.
  8493 | D:8      | Found a glowing golden altar of the Shining One.
  9332 | D:9      | Noticed a centaur warrior
  9341 | D:9      | Killed a centaur warrior
  9341 | D:9      | a spriggan changed into a black mamba
  9341 | D:9      | Noticed a black mamba (shapeshifter)
  9349 | D:9      | a black mamba changed into a harpy
  9349 | D:9      | Noticed a harpy (shapeshifter)
  9354 | D:9      | a harpy changed into a spriggan
  9363 | D:9      | Reached skill level 10 in Fighting
  9867 | D:9      | Noticed a cyclops
  9882 | D:9      | Killed a cyclops
  9986 | D:9      | Found the -2 hat of the Alchemist {rElec rPois rF+ rC+ rN+
                  | Will+ rMut rCorr}
 10175 | D:9      | Reached skill level 11 in Axes
 10175 | D:9      | Noticed a cyclops
 10184 | D:9      | Killed a cyclops
 10185 | D:9      | Reached XP level 11. HP: 63/101 MP: 11/11
 10220 | D:9      | Noticed a boulder beetle
 10317 | D:9      | Killed a boulder beetle
 10402 | D:9      | Found a hazy altar of Hepliaklqana.
 10402 | D:9      | Found a bloodstained altar of Trog.
 10468 | D:9      | Noticed a centaur warrior
 10469 | D:9      | Noticed a fire crab
 10480 | D:9      | Killed a centaur warrior
 10481 | D:9      | Reached skill level 10 in Shields
 10487 | D:9      | Killed a fire crab
 10488 | D:9      | Reached skill level 10 in Armour
 11126 | D:8      | Killed a boulder beetle
 11195 | D:10     | Entered Level 10 of the Dungeon
 11200 | D:10     | Identified the +6 trident "Awimn" {flame, Str+4}
 11477 | D:10     | Reached skill level 12 in Axes
 11616 | D:10     | Found a staircase to the Orcish Mines.
 12207 | D:10     | Bought a glowing hand axe for 186 gold pieces
 12320 | D:11     | Identified the "Niecevo"
 12320 | D:11     | Found a staircase to the Lair.
 12475 | D:11     | Reached XP level 12. HP: 87/112 MP: 12/12
 12817 | D:11     | Found Vios's Magic Scroll Shop.
 12870 | D:11     | Found Kuq Azo's Book Shoppe.
 12878 | D:11     | Noticed Gastronok
 12896 | D:11     | Killed Gastronok
 13173 | D:11     | Found Riell's Weapon Emporium.
 13187 | D:11     | Reached skill level 13 in Axes
 13433 | D:11     | Identified the +4 scale mail "Liarel" {rF+ rN+}
 13445 | D:11     | Found Paecixt's General Store.
 13494 | D:11     | Found Saosh's Jewellery Shop.
 13845 | Orc:1    | Entered Level 1 of the Orcish Mines
 13845 | Orc:1    | Noticed Snorg
 13905 | Lair:1   | Entered Level 1 of the Lair of Beasts
 14432 | Lair:1   | Reached skill level 14 in Axes
 14646 | Lair:1   | Reached XP level 13. HP: 115/122 MP: 13/13
 14939 | D:11     | Bought a scroll of acquirement for 884 gold pieces
 14939 | D:11     | Acquired 993 gold pieces
 14983 | D:12     | You fall into a shaft and drop 2 floors!
 15011 | D:14     | Found a gate to the Vaults.
 16573 | D:10     | Killed Snorg
 17105 | Orc:2    | Entered Level 2 of the Orcish Mines
 17139 | Orc:2    | Found a staircase to the Elven Halls.
 17142 | Orc:2    | Found Yvasaramuo's Antique Weapon Emporium.
 17143 | Orc:2    | Noticed an ettin
 17531 | Orc:1    | HP: 6/124 [ettin/+4 dire flail (32)]
 17532 | Orc:1    | Killed an ettin
 17533 | Orc:1    | Reached skill level 15 in Axes
 17959 | D:11     | Bought a shiny plate armour for 572 gold pieces
 18356 | Lair:2   | Found a dark tunnel.
 18361 | Volcano  | Entered a volcano
 18684 | Volcano  | HP: 4/125 [sun demon (4)]
 18685 | Volcano  | Slain by a sun demon

Illustrated notes

Levels and vault maps discovered:
D:1:      amcnicky_arrival_flooded_fountain, layout_basic, serial_shops,
          nicolae_square_shop
D:2:      layout_rooms, uniq_jessica
D:3:      layout_rooms, grunt_temple_overflow_diamond, serial_shops,
          shop_fountains, shapermc_ecumenical_altar_hornbeckon,
          hangedman_abyss_or_decor_stabs, uniq_grinder
D:4:      layout_loops_ring, minmay_temple_entry_statues_pillars, serial_shops,
          shop, uniq_pikel
D:5:      layout_loops_cross, nicolae_sif_muna_condensation,
          gammafunk_ghost_hive
D:6:      layout_loops_ring, minivault_1
D:7:      layout_gridville, overflow_temple_1_default,
          nicolae_qazlal_style_of_elements, mainiacjoe_overflow_large_starburst,
          lemuel_tele_altar
D:8:      gammafunk_boulding_lane, layout_rooms,
          mainiacjoe_overflow_small_starburst
D:9:      minmay_chopped_fan, layout_small_grid,
          gammafunk_temple_overflow_elements, chequers_serial_rivers_micro_e,
          minmay_misc_feat_enclosed
D:10:     layout_layer_cave, orc_0_dummy
D:11:     layout_cave_pools, lair_entry_dummy, special_room [special_room_bee],
          serial_shops, shop, nicolae_shop_gibbet_a_chance,
          nicolae_shop_behind_doors, nicolae_shop_behind_doors,
          nicolae_shop_advertising_works [nicolae_subvault_shop_adworks],
          minmay_puff, uniq_gastronok
D:12:     layout_roguey, minmay_holes
D:13:     layout_loops_ring, trog_ov_bears_minmay
D:14:     layout_grid_maze, hangedman_vaults_entry_quadrant_bands,
          infiniplex_staircase_split_hallway, nicolae_figureground_pulse,
          uniq_jorgrun
Temple:   eino_wide_crystal_templ
Lair:1:   layout_concentric_octagons, hibernation_bobbens, grunt_megastairs_1
Lair:2:   layout_loops_ring, nicolae_shoals_entry_flooding, enter_volcano_4,
          grunt_megastairs_3, infiniplex_staircase_pool
Orc:1:    layout_diamond_mine, serial_shops, shop, lemuel_statue_altar,
          uniq_snorg, uniq_nergalle
Orc:2:    grunt_orc_gardens, layout_caves, grunt_orc_garden, grunt_orc_garden,
          grunt_orc_garden, grunt_orc_garden, mines2_david, uniq_rupert
Volcano:  hellmonk_smoking_crater

Skill      XL: |  1  2  3  4  5  6  7  8  9 10 11 12 13 |
---------------+----------------------------------------+-----
Axes           | 3 4 5 6 7 9 11 12 14 15 | 15.4
Fighting       | 4 5 6 7 9 10 11 13 14 | 14.4
Armour         | 4 5 7 8 9 10 12 13 | 13.2
Shields        | 4 5 7 8 9 11 12 13 | 13.3

Action                     |  1- 3 |  4- 6 |  7- 9 | 10-12 | 13-15 || total
---------------------------+-------+-------+-------+-------+-------++-------
  Melee: War axe           |    52 |    63 |    74 |   227 |   329 ||   745
         Hand axe          |       |       |   296 |   391 |       ||   687
 Invoke: Call Merchant     |       |       |       |     1 |     1 ||     2
  Evoke: Wand              |       |       |       |     2 |     1 ||     3
    Use: Scroll            |     5 |       |     8 |     9 |     7 ||    29
         Potion            |     1 |     2 |     3 |       |     5 ||    11
   Stab: Distracted        |       |       |       |     4 |     1 ||     5
         Invisible         |       |       |       |       |     1 ||     1
 Armour: Scale mail        |    35 |    54 |    44 |       |       ||   133
         Chain mail        |       |       |   227 |   564 |   195 ||   986
         Plate armour      |       |       |       |       |    96 ||    96
  Dodge: Dodged            |    23 |    26 |   136 |   182 |    81 ||   448
  Block: Buckler           |     9 |    17 |    92 |   232 |    35 ||   385
         Kite shield       |       |       |       |       |   134 ||   134
         Reflection        |       |       |       |       |     4 ||     4

Table legend: (Time is in decaauts)
 A = Elapsed time spent in this place.
 B = Non-inter-level travel time spent in this place.
 C = Inter-level travel time spent in this place.
 D = Time resting spent in this place.
 E = Time spent auto-exploring this place.
 F = Levels seen in this place.
 G = Mean time per level.
                   A        B        C        D        E       F      G
               +--------+--------+--------+--------+--------+-----+--------+
         Total |  18596 |  17495 |   1101 |   6010 |   7992 |  20 |  929.8 |
       Dungeon |  15934 |  14949 |    985 |   5073 |   7112 |  14 | 1138.1 |
        Temple |     41 |      7 |     34 |      0 |      0 |   1 |   41.0 |
          Lair |   1349 |   1286 |     63 |     61 |    781 |   2 |  674.5 |
  Orcish Mines |    955 |    937 |     18 |    676 |     99 |   2 |  477.5 |
       Volcano |    315 |    315 |      0 |    200 |      0 |   1 |  315.0 |
               +--------+--------+--------+--------+--------+-----+--------+

Top non-repeatable levels by time:
     D:7: 2438 daAuts
     D:9: 1886 daAuts
    D:11: 1652 daAuts
    D:10: 1612 daAuts
     D:3: 1413 daAuts
     D:5: 1093 daAuts
     D:8: 1061 daAuts
  Lair:1: 1009 daAuts
     D:4: 991 daAuts
   Orc:1: 910 daAuts
     D:6: 888 daAuts
     D:2: 747 daAuts
    D:12: 690 daAuts
     D:1: 630 daAuts
    D:13: 438 daAuts
